 Dungeon Crawl Stone Soup version 0.22-a0-265-g0d8bc90 (webtiles) character file.

9336 Amnesiac the Eclecticist (level 11, -4/68 HPs)
             Began as a Deep Elf Wizard on Mar 6, 2018.
             Was a Priest of Sif Muna.
             Splashed by an acid dragon's acid (10 damage)
             ... on level 11 of the Dungeon.
             The game lasted 00:34:52 (12314 turns).

Amnesiac the Eclecticist (Deep Elf Wizard)         Turns: 12314, Time: 00:34:53

Health: -4/68      AC:  6    Str:  4    XL:     11   Next: 21%
Magic:  15/32      EV: 21    Int: 30    God:    Sif Muna [***...]
Gold:   385        SH:  5    Dex: 13    Spells: 26/40 levels left

rFire    + . .     SeeInvis .   N - +1 dagger (speed)
rCold    + . .     Gourm    .   o - +0 buckler
rNeg     . . .     Faith    .   j - +2 robe {MR+}
rPois    .         Spirit   .   b - +1 hat
rElec    .         Reflect  .   v - scarf {rC+ rF+}
rCorr    .         Harm     .   (no gloves)
MR       ++...                  D - +0 pair of boots
Stlth    ++........             (no amulet)
HPRegen  0.21/turn              z - +5 ring of evasion
MPRegen  0.23/turn              l - +3 ring of intelligence

@: divine energy
A: no striking features
a: Stop Divine Energy, Channel Magic, Renounce Religion


You were on level 11 of the Dungeon.
You worshipped Sif Muna.
Sif Muna was most pleased with you.
You were not hungry.

You visited 2 branches of the dungeon, and saw 11 of its levels.
You also visited: Ossuary.

You collected 385 gold pieces.

Inventory:

Hand Weapons
 x - a +1 dagger of draining
 N - a +1 dagger of speed (weapon)
Missiles
 w - 13 poisoned needles
Armour
 b - a +1 hat (worn)
 j - a +2 robe of magic resistance (worn)
 o - a +0 buckler (worn)
 u - the +3 robe of Dramatic Exits {Slay+6}
   (You found it on level 5 of the Dungeon)

   It affects your accuracy and damage with ranged weapons and melee attacks
   (+6).
 v - a scarf of resistance (worn)
 y - the +2 scale mail of Kleptomania {Int+4, unknown}
   (You found it on level 8 of the Dungeon)

   It affects your intelligence (+4).
 D - a +0 pair of boots (worn)
Magical Staves
 f - an uncursed staff of air
Jewellery
 k - an uncursed ring of resist corrosion
 l - a +3 ring of intelligence (right hand)
 z - a +5 ring of evasion (left hand)
Wands
 i - a wand of random effects (25)
 A - a wand of enslavement (19)
 B - a wand of digging (17)
 G - a wand of paralysis (10)
Scrolls
 c - a scroll of magic mapping {!r}
 g - 2 scrolls of teleportation {!r}
 h - 4 scrolls of blinking {!r}
 m - a scroll of enchant weapon {!r}
 p - 2 scrolls of amnesia {!r}
 E - a scroll of acquirement {!r}
 F - 9 scrolls of identify {!r}
 I - 2 scrolls of remove curse {!r}
 J - a scroll of fog {!r}
Potions
 a - a potion of invisibility {!q}
 e - 2 potions of mutation {!q}
 n - 2 potions of haste {!q}
 q - a potion of curing {!q}
 r - 8 potions of lignification {!q}
 t - a potion of cancellation {!q}
 C - a potion of heal wounds {!q}
 H - a potion of resistance {!q}
 K - a potion of flight {!q}
 L - a potion of berserk rage {!q}
Comestibles
 d - 10 rations
 s - 2 chunks of flesh


   Skills:
 - Level 8.0 Fighting
 - Level 8.0 Dodging
 - Level 2.4 Stealth
 - Level 4.5 Shields
 * Level 15.3 Spellcasting
 - Level 1.5 Conjurations
 - Level 1.1 Summonings
 - Level 1.1 Translocations


You had 26 spell levels left.
You knew the following spells:

 Your Spells              Type           Power        Failure   Level  Hunger
a - Magic Dart            Conj           ####         1%          1    None
c - Call Imp              Summ           ####....     1%          2    None
d - Dazzling Spray        Conj/Hex       ####..       4%          3    None
e - Mephitic Cloud        Conj/Pois/Air  ####....     4%          3    None
s - Conjure Flame         Conj/Fire      ####....     4%          3    None
v - Blink                 Tloc           N/A          1%          2    None


Dungeon Overview and Level Annotations

Branches:
Dungeon (9/15)             Temple (1/1) D:7
   Lair: D:8-11         Orc: D:9-12

Altars:
Ashenzari
Cheibriados
Dithmenos
Elyvilon
Fedhas
Gozag
Hepliaklqana
Kikubaaqudgha
Nemelex Xobeh
Okawaru
Ru
Sif Muna
Vehumet
Wu Jian
Yredelemnul
Zin
The Shining One


Message History

The acid dragon moves out of view.
Casting: Magic Dart (safe; 1% risk of failure)
Confirm with . or Enter, or press ? or * to list all spells.
You can't see any susceptible monsters within range! (Use Z to cast anyway.)
Casting: Magic Dart (safe; 1% risk of failure)
Confirm with . or Enter, or press ? or * to list all spells.
You can't see any susceptible monsters within range! (Use Z to cast anyway.)
Casting: Magic Dart (safe; 1% risk of failure)
Confirm with . or Enter, or press ? or * to list all spells.
You can't see any susceptible monsters within range! (Use Z to cast anyway.)
Casting: Magic Dart (safe; 1% risk of failure)
Confirm with . or Enter, or press ? or * to list all spells.
Aiming: Magic Dart (safe; 1% risk of failure)
Press: ? - help, Shift-Dir - straight line, f/p - crimson imp
Aim: a crimson imp (lightly wounded)
The magic dart hits the crimson imp.
The crimson imp is heavily wounded.
Casting: Magic Dart (safe; 1% risk of failure)
Confirm with . or Enter, or press ? or * to list all spells.
Aiming: Magic Dart (safe; 1% risk of failure)
Press: ? - help, Shift-Dir - straight line, f/p - crimson imp
Aim: a crimson imp (moderately wounded)
The magic dart hits the crimson imp.
The crimson imp is severely wounded.
Casting: Magic Dart (safe; 1% risk of failure)
Confirm with . or Enter, or press ? or * to list all spells.
Aiming: Magic Dart (safe; 1% risk of failure)
Press: ? - help, Shift-Dir - straight line, f/p - crimson imp
Aim: a crimson imp (heavily wounded)
The magic dart hits the crimson imp.
The crimson imp is severely wounded.
The acid dragon roars!
The acid dragon spits acid at you. The splash of acid misses you.
Casting: Magic Dart (safe; 1% risk of failure)
Confirm with . or Enter, or press ? or * to list all spells.
Aiming: Magic Dart (safe; 1% risk of failure)
Press: ? - help, Shift-Dir - straight line, f/p - crimson imp
Aim: a crimson imp (heavily wounded)
The magic dart hits the crimson imp.
The crimson imp is heavily wounded.
The crimson imp misses you.
Casting: Magic Dart (safe; 1% risk of failure)
Confirm with . or Enter, or press ? or * to list all spells.
Aiming: Magic Dart (safe; 1% risk of failure)
Press: ? - help, Shift-Dir - straight line, f/p - crimson imp
Aim: a crimson imp (heavily wounded)
The magic dart hits the crimson imp.
The crimson imp is heavily wounded.
You block the crimson imp's attack.
A wight comes into view. It is wielding an enchanted hand axe.
Casting: Magic Dart (safe; 1% risk of failure)
Confirm with . or Enter, or press ? or * to list all spells.
Okay, then.
The acid dragon spits acid at you. The splash of acid hits you!
* * * LOW HITPOINT WARNING * * *
You are splashed with acid!
The acid burns!
* * * LOW HITPOINT WARNING * * *
The acid dragon spits acid at you. The splash of acid hits you!
* * * LOW HITPOINT WARNING * * *
You are splashed with acid!
The acid burns!
You die...

#.##z.#.###..........
#.##.....##......##.#
#...................!
#.).......÷......##.#
##.......##...?..##..
#..z.÷####.#########
#..5D......# #
###.######## # #@# #
#.# ##### #.#######
#...#
#.[.....####...###
#######..........(
############


You could see an acid dragon, a wight and a crimson imp.

Vanquished Creatures
  3 two-headed ogres
  An unseen horror (D:11)
  Pikel (D:5)
  A gargoyle (D:11)
  The ghost of anet the Magician, an amateur GnWn (D:5)
  A hornet (D:8)
  A troll (D:8)
  2 hippogriffs
  Eustachio (D:6)
  5 yaks
  A hungry ghost (D:8)
  A slave (D:5)
  An ice beast (D:7)
  3 sky beasts
  3 black bears
  A hornet zombie (Ossuary)
  A necrophage (D:11)
  2 orc warriors (D:7)
  A phantom (D:8)
  A centaur (D:8)
  7 bullfrogs
  2 water moccasin zombies (Ossuary)
  A scorpion (D:8)
  10 killer bees (D:8)
  A crimson imp (D:6)
  4 centaur zombies
  4 bullfrog zombies
  2 centaur skeletons (D:8)
  A gnoll shaman (D:8)
  5 orc priests
  3 hounds
  A jelly (D:7)
  10 orc wizards
  An iguana (D:7)
  4 worker ants
  A killer bee zombie (Ossuary)
  A hound zombie (D:7)
  A hound skeleton (D:8)
  8 mummies (Ossuary)
  2 howler monkey zombies (Ossuary)
  2 worker ant zombies (Ossuary)
  6 gnolls (D:8)
  15 adders
  2 shadow imps
  An ooze (D:2)
  4 adder skeletons
  3 worms
  2 dart slugs
  5 leopard geckos
  20 orcs
  6 giant cockroaches
  4 goblins
  9 hobgoblins
  8 jackals
  6 kobolds
  2 quokkas (D:2)
  4 bats
  3 frilled lizards
  3 giant cockroach zombies
  2 gnoll zombies (D:2)
  A jackal zombie (Ossuary)
  A leopard gecko skeleton (D:5)
  4 leopard gecko zombies (Ossuary)
  A quokka skeleton (D:7)
  A rat (D:3)
216 creatures vanquished.

Vanquished Creatures (collateral kills)
  Grinder (D:5)
  Sigmund (D:4)
  A killer bee (D:8)
  2 orc wizards
  2 orc priests
  A worker ant (D:7)
  2 hound zombies
  A worker ant zombie (Ossuary)
  2 gnolls (D:8)
  An adder (D:2)
  A worm (D:1)
  8 orcs
  A jackal (D:4)
24 creatures vanquished.

Vanquished Creatures (others)
  A slave (D:5)
  A killer bee (D:8)
  2 withered plants (Ossuary)
4 creatures vanquished.

Grand Total: 244 creatures vanquished

Notes
Turn   | Place    | Note
-------+----------+-------------------------------------------
     0 | D:1      | Amnesiac the Deep Elf Wizard began the quest for the Orb.
     0 | D:1      | Reached XP level 1. HP: 10/10 MP: 7/7
   347 | D:1      | Reached XP level 2. HP: 16/16 MP: 6/9
   489 | D:1      | Reached skill level 1 in Fighting
   837 | D:1      | Learned a level 2 spell: Call Imp
   894 | D:1      | Learned a level 2 spell: Blink
   954 | D:2      | Reached XP level 3. HP: 20/20 MP: 6/11
   981 | D:2      | Learned a level 3 spell: Conjure Flame
   985 | D:2      | Learned a level 3 spell: Mephitic Cloud
  1379 | D:2      | Found a sparkling altar of Nemelex Xobeh.
  1872 | D:2      | Found a basalt altar of Yredelemnul.
  1911 | D:2      | Found an ancient bone altar of Kikubaaqudgha.
  1913 | D:2      | Found a blossoming altar of Fedhas.
  1934 | D:2      | Found a glowing silver altar of Zin.
  1936 | D:2      | Found a hazy altar of Hepliaklqana.
  2125 | D:3      | Reached XP level 4. HP: 27/27 MP: 10/12
  2569 | D:3      | Reached XP level 5. HP: 26/32 MP: 5/13
  3813 | D:4      | Found an ornate altar of the Wu Jian Council.
  4015 | D:4      | Reached skill level 1 in Shields
  4015 | D:4      | Reached XP level 6. HP: 22/38 MP: 2/14
  4392 | D:4      | Noticed Sigmund
  4421 | D:4      | Killed Sigmund
  4826 | D:5      | Entered Level 5 of the Dungeon
  4830 | D:5      | Noticed a yak
  4830 | D:5      | Noticed a yak
  4830 | D:5      | Noticed a yak
  4832 | D:5      | Noticed a yak
  4835 | D:5      | Killed a yak
  4835 | D:5      | Reached XP level 7. HP: 39/43 MP: 6/15
  4836 | D:5      | Noticed a yak
  4856 | D:4      | Killed a yak
  4977 | D:5      | Noticed anet's ghost (amateur GnWn)
  5576 | D:5      | Noticed Grinder
  5608 | D:5      | Killed Grinder
  6115 | D:5      | Noticed Pikel
  6190 | D:5      | Killed Pikel
  6190 | D:5      | Reached skill level 5 in Fighting
  6190 | D:5      | Reached skill level 5 in Dodging
  6190 | D:5      | Reached XP level 8. HP: 44/51 MP: 0/16
  6333 | D:5      | Killed anet's ghost
  6478 | D:5      | Got a thick robe
  6497 | D:5      | Identified the +3 robe of Dramatic Exits {Slay+6} (You found it on level 5 of the Dungeon)
  6517 | D:5      | Reached XP level 9. HP: 55/57 MP: 3/17
  6632 | D:5      | Found a hazy altar of Hepliaklqana.
  7468 | D:6      | Noticed Eustachio
  7542 | D:6      | Killed Eustachio
  8205 | D:7      | Found a staircase to the Ecumenical Temple.
  8212 | Temple   | Entered the Ecumenical Temple
  8255 | Temple   | Became a worshipper of Sif Muna the Loreminder
  8492 | D:7      | Reached skill level 5 in Spellcasting
  8650 | D:6      | Reached skill level 6 in Spellcasting
  8905 | D:7      | Reached skill level 7 in Spellcasting
  9362 | D:7      | Reached skill level 8 in Spellcasting
  9468 | D:7      | Reached * piety under Sif Muna
  9587 | D:7      | Reached skill level 9 in Spellcasting
  9819 | D:7      | Identified 3 scrolls of acquirement {!r}
  9820 | D:7      | Got a smoking plate armour
  9831 | D:7      | Identified the +10 plate armour of Weightlessness {rN++ Str+2} (You acquired it on level 7 of the Dungeon)
 10040 | D:8      | Found an opulent altar of Gozag.
 10180 | D:8      | Reached XP level 10. HP: 53/64 MP: 19/25
 10214 | D:8      | Reached skill level 10 in Spellcasting
 10360 | D:8      | Got a twisted scale mail
 10399 | D:8      | Noticed a two-headed ogre
 10417 | D:8      | Killed a two-headed ogre
 10417 | D:8      | Reached skill level 11 in Spellcasting
 10477 | D:8      | Found a sand-covered staircase.
 10489 | D:8      | Reached ** piety under Sif Muna
 10532 | Ossuary  | Entered an ossuary
 10653 | Ossuary  | Reached skill level 12 in Spellcasting
 11393 | D:8      | Found a sparkling altar of Nemelex Xobeh.
 11435 | D:8      | Reached skill level 13 in Spellcasting
 11702 | D:9      | Reached *** piety under Sif Muna
 11773 | D:9      | Noticed a two-headed ogre
 11837 | D:9      | Killed a two-headed ogre
 11837 | D:9      | Reached skill level 14 in Spellcasting
 11838 | D:9      | You fall through a shaft for 2 floors!
 11847 | D:11     | Learned a level 3 spell: Dazzling Spray
 11987 | D:11     | Noticed a two-headed ogre
 12060 | D:11     | Noticed a gargoyle
 12060 | D:11     | Killed a two-headed ogre
 12060 | D:11     | Reached XP level 11. HP: 12/67 MP: 0/31
 12137 | D:11     | Reached skill level 15 in Spellcasting
 12276 | D:11     | Killed an unseen horror
 12314 | D:11     | Splashed by an acid dragon's acid

Vault maps used:
D:1:      minmay_arrival_four_circles, nrook_uturn, grunt_decor_clamped
D:2:      lemuel_zombie_altar_yredelemnul, nicolae_overflow_hidden_temple,
          first_ration, nemelex_dance_club_becter
D:4:      lemuel_crystal_altar, kennysheep_boxes, uniq_sigmund
D:5:      basic_altar, uniq_pikel, uniq_grinder
D:6:      uniq_eustachio
D:7:      temple_green
D:8:      nicolae_gozag_cash_rules_everything_around_me,
          nicolae_ossuary_entry_monument, nemelex_diamond_rough_becter
D:9:      serial_shops, nicolae_shop_temple_entry_statues_fountains, the_bakery,
          nicolae_tso_besieged_by_evil
D:11:     orc_0_dummy, basic_altar
Temple:   regret_index_temple_waves
Ossuary:  ossuary_zaba_flooded

Skill      XL: |  1  2  3  4  5  6  7  8  9 10 11 |
---------------+----------------------------------+-----
Fighting       | 1 2 3 4 5 7 8 |  8.0
Dodging        | 3 4 5 7 8 |  8.0
Shields        | 1 3 4 |  4.5
Spellcasting   | 9 14 15 | 15.3
Stealth        | |  2.4
Conjurations   | |  1.5
Summonings     | |  1.1
Translocations | |  1.1

Action                   |  1- 3 |  4- 6 |  7- 9 | 10-12 || total
-------------------------+-------+-------+-------+-------++-------
Melee: Unarmed           |       |    15 |     2 |       ||    17
       Dagger            |       |       |   124 |   118 ||   242
       Staff             |       |       |       |     7 ||     7
Throw: Throwing net      |       |     1 |       |       ||     1
 Cast: Magic Dart        |   106 |   190 |   291 |   213 ||   800
       Call Imp          |     4 |    14 |     5 |     3 ||    26
       Conjure Flame     |     1 |     1 |    38 |    27 ||    67
       Mephitic Cloud    |       |     3 |    27 |    11 ||    41
       Blink             |       |     1 |     6 |     6 ||    13
       Dazzling Spray    |       |       |       |     9 ||     9
Invok: Divine Energy     |       |       |     1 |     1 ||     2
Evoke: Wand              |       |       |     2 |     6 ||     8
  Use: Potion            |     1 |     2 |       |     4 ||     7
       Scroll            |       |     5 |    19 |     2 ||    26
 Stab: Distracted        |       |     1 |       |       ||     1
       Paralysed         |       |       |     2 |    19 ||    21
       Confused          |       |       |     1 |       ||     1
       Sleeping          |       |       |     1 |       ||     1
       Invisible         |       |       |       |     2 ||     2
  Eat: Chunk             |     3 |     9 |    14 |     3 ||    29
       Ration            |       |       |     1 |     1 ||     2
Armor: Robe              |       |     7 |    36 |    26 ||    69
Dodge: Dodged            |    16 |    54 |   258 |   264 ||   592
Block: Buckler           |       |     6 |    58 |    60 ||   124

Table legend:
 A = Spawn XP
 B = Non-spawn XP
 C = Spawn XP percentage of total XP
 D = Spawn monster count
 E = Non-spawn monster count
 F = Spawn count percentage of total count
 G = Total turns spent on level
                    A         B        C        D         E        F      G
               +---------+---------+-------+---------+---------+-------+---------
         Total |       0 |   13338 |   0.0 |       0 |     240 |   0.0 | 12314
               +---------+---------+-------+---------+---------+-------+---------
           D:1 |       0 |      27 |   0.0 |       0 |      10 |   0.0 |  1091
           D:2 |       0 |      73 |   0.0 |       0 |      21 |   0.0 |  1364
           D:3 |       0 |     247 |   0.0 |       0 |      29 |   0.0 |  1356
           D:4 |       0 |     475 |   0.0 |       0 |      21 |   0.0 |  1550
           D:5 |       0 |    2179 |   0.0 |       0 |      24 |   0.0 |  1542
           D:6 |       0 |     903 |   0.0 |       0 |      13 |   0.0 |  1524
           D:7 |       0 |    1193 |   0.0 |       0 |      25 |   0.0 |  1261
           D:8 |       0 |    2805 |   0.0 |       0 |      34 |   0.0 |   884
           D:9 |       0 |    1367 |   0.0 |       0 |      11 |   0.0 |   253
          D:11 |       0 |    3082 |   0.0 |       0 |      17 |   0.0 |   476
        Temple |       0 |      89 |   0.0 |       0 |       4 |   0.0 |   257
       Ossuary |       0 |     898 |   0.0 |       0 |      31 |   0.0 |   756
               +---------+---------+-------+---------+---------+-------+---------
